 Dungeon Crawl Stone Soup version 0.19.0-20-gbc5f0c6 (webtiles) character file.

20 dysrexia the Sneak (level 2, 0/37 HPs)
             Began as a Naga Wizard on Nov 16, 2016.
             Was a Follower of Yredelemnul.
             Succumbed to an adder's poison
             ... on level 2 of the Dungeon.
             The game lasted 00:06:33 (1609 turns).

dysrexia the Sneak (Naga Wizard)                    Turns: 1609, Time: 00:06:33

Health: 0/37       AC: 21    Str:  9    XL:     2   Next: 79%
Magic:  2/6        EV:  1    Int: 18    God:    Yredelemnul [*.....]
Gold:   91         SH:  0    Dex:  9    Spells: 2 memorised, 4 levels left

rFire  . . .     SeeInvis +     e - +0 club
rCold  . . .     Gourm    .     (armour currently unavailable)
rNeg   + + +     Faith    .     (no shield)
rPois  +         Spirit   .     (helmet currently unavailable)
rElec  .         Reflect  .     (cloak currently unavailable)
rCorr  .         Harm     .     (gloves currently unavailable)
MR     .....     NoTele   +     (no barding)
Stlth  ++........               (no amulet)
                                (no ring)
                                (no ring)

@: lethally poisoned (0 -> -3), tree-form, very slightly contaminated
A: see invisible, (deformed body), (poison resistance), (slowness 0), slow
metabolism 1, spit poison 1, AC +0
a: Spit Poison, Animate Remains, Renounce Religion


You were on level 2 of the Dungeon.
You worshipped Yredelemnul.
Yredelemnul was aware of your devotion.
You were hungry.
You were a tree.
You visited 1 branch of the dungeon, and saw 2 of its levels.

You collected 91 gold pieces.

Inventory:

Hand Weapons
 e - a +0 club (weapon)
Armour
 a - a +0 robe
 b - a +0 hat (melded)
 k - a +0 ring mail (melded)
Jewellery
 h - a +2 ring of dexterity {unknown}
Scrolls
 i - a scroll of identify {unknown}
 j - a scroll of magic mapping {unknown}
 l - a scroll of fog {unknown}
Books
 c - a book of Minor Magic

   Spells                             Type                      Level
   a - Magic Dart                     Conjuration                  1
   b - Blink                          Translocation                2
   c - Call Imp                       Summoning                    2
   d - Repel Missiles                 Charms/Air                   2
   e - Slow                           Hexes                        2
   f - Conjure Flame                  Conjuration/Fire             3
   g - Mephitic Cloud                 Conjuration/Poison/Air       3
Comestibles
 d - 2 bread rations
 f - 3 slices of pizza


   Skills:
 * Level 1.5 Fighting
 - Level 1.5 Dodging
 - Level 3.0 Stealth
 - Level 3.0 Spellcasting
 - Level 1.6 Conjurations
   Level 1.0 Summonings
 - Level 1.0 Translocations
 + Level 0.7 Invocations


You had 4 spell levels left.
You knew the following spells:

 Your Spells              Type           Power        Failure   Level  Hunger
a - Magic Dart            Conj           #...         12%         1    None
b - Blink                 Tloc           N/A          17%         2    ##.....


Dungeon Overview and Level Annotations

Branches:
Dungeon (2/15)

Altars:
Sif Muna
Yredelemnul


Innate Abilities, Weirdness & Mutations

You cannot wear boots.
((Your serpentine skin is tough. (AC +0)))
You have supernaturally acute eyesight. (SInv)
((Armour fits poorly on your strangely shaped body.))
((Your system is resistant to poisons. (rPois)))
((You cover ground very slowly.))
You have a slow metabolism.
You can spit poison.


Message History

You are very lightly contaminated with residual magic.
Strange energies run through your body.
You feel sick. The adder bites you but does no damage.
Casting: Blink
Confirm with . or Enter, or press ? or * to list all spells.
You miscast Blink.
You catch a glimpse of the back of your own head.
The adder bites you.
* * * LOW HITPOINT WARNING * * *
The adder bites you.
* * * LOW HITPOINT WARNING * * *
It was a potion of lignification.
You turn into a tree.
Your +0 hat melds into your body.
Your +0 ring mail melds into your body.
Your roots penetrate the ground.
You have got your breath back.
The adder bites you but does no damage.
You barely miss the adder.
The adder is moderately wounded.
You die...
Your body rises from the dead as a mindless zombie.

#####.#####.#
#...... #.## #<#.#
##......
..........#
#.......
###........#
####.### #.##.###.#
#.#.. #.#......#
#.#.# ........#
#...# ##......#
###.# .. #.♣# #.#
#.S#####.# #.#
#........# #.#
##.##############.#
#.# #.........# #.#
#.#########
#.######.#
#........#
########.#


You could see an adder.

Vanquished Creatures
  A worm (D:2)
  6 bats
  2 goblins
  2 hobgoblins (D:1)
  A ball python (D:2)
  4 frilled lizards
  A kobold (D:2)
  A rat (D:1)
18 creatures vanquished.

Notes
Turn   | Place    | Note
-------+----------+-------------------------------------------
     0 | D:1      | dysrexia the Naga Wizard began the quest for the Orb.
     0 | D:1      | Reached XP level 1. HP: 15/15 MP: 4/4
   376 | D:1      | Reached skill level 1 in Fighting
   376 | D:1      | Reached XP level 2. HP: 18/25 MP: 6/6
   413 | D:1      | Learned a level 2 spell: Blink
   946 | D:2      | Found a faded altar of an unknown god.
   959 | D:2      | Became a worshipper of Yredelemnul the Dark
   959 | D:2      | Reached * piety under Yredelemnul
  1455 | D:2      | Found a deep blue altar of Sif Muna.
  1607 | D:2      | HP: 1/25 [adder (3)]
  1609 | D:2      | Succumbed to an adder's poison

Skill      XL: |  1 |
---------------+----+-----
Fighting       | 1 |  1.5
Dodging        | |  1.5
Stealth        | |  3.0
Spellcasting   | |  3.0
Conjurations   | |  1.6
Summonings     | |  1.0
Translocations | |  1.0
Invocations    | |  0.7

Action                   || total
-------------------------++-------
Melee: Club              ||    49
       Unarmed           ||     2
 Cast: Magic Dart        ||    23
 Abil: Spit Poison       ||     2
  Use: Potion            ||     1
 Stab: Sleeping          ||     2
  Eat: Chunk             ||     1
Armor: Robe              ||     2
       Ring mail         ||    19
       Skin              ||     1
Dodge: Dodged            ||    29
